AAA EAST
JACKSONVILLE JUMBO SHRIMP @ ROCHESTER RED WINGS
06/14/2042
 
TOP OF THE 1ST
Jacksonville Jumbo Shrimp batting - Pitching for Rochester Red Wings : RHP Axel Maldini
Pitching: RHP Axel Maldini
Batting: SHB Steve Clark 0-0: Ball
1-0: Foul Ball, location: 2F
1-1: Foul Ball, location: 2F
1-2: Ball
2-2: Strikes out swinging
Batting: RHB Butch Haig 0-0: Swinging Strike
0-1: Ball
1-1: Swinging Strike
1-2: Strikes out looking
Batting: RHB Raúl Toro 0-0: Ball
1-0: Foul Ball, location: 5F
1-1: Foul Ball, location: 23F
1-2: Strikes out swinging
Top of the 1st over - 0 runs, 0 hits, 0 errors, 0 left on base; Jacksonville 0 - Rochester 0
BOTTOM OF THE 1ST
Rochester Red Wings batting - Pitching for Jacksonville Jumbo Shrimp : RHP Ed King
Pitching: RHP Ed King
Batting: LHB Dwayne Charles 0-0: Called Strike
0-1: Foul Ball, location: 2F
0-2: Ball
1-2: SOLO HOME RUN (Flyball, 8LXD, EV 107.5 MPH), Distance : 431 ft
Batting: RHB Artie Miller 0-0: Ground out 1-3 (Groundball, 34S, EV 71.3 MPH)
Batting: LHB Bobby Flowers 0-0: Ball
1-0: Foul Ball, location: 9LSF
1-1: Ball
2-1: Ground out 6-3 (Groundball, 6, EV 87.5 MPH)
Batting: LHB Adrián Rocha 0-0: Ground out 6-3 (Groundball, P, EV 92.5 MPH)
Bottom of the 1st over - 1 run, 1 hit, 0 errors, 0 left on base; Jacksonville 0 - Rochester 1
TOP OF THE 2ND
Jacksonville Jumbo Shrimp batting - Pitching for Rochester Red Wings : RHP Axel Maldini
Batting: LHB Danny King 0-0: Called Strike
0-1: Ball
1-1: Ball
2-1: Ball
3-1: Base on Balls
Batting: RHB Sean Davidson 0-0: Called Strike
0-1: Foul Ball, location: 9LSFF
0-2: Ball
1-2: Foul Ball, location: 9LSF
1-2: Fielders Choice at 2nd, 4-6 (Groundball, 34, EV 86.9 MPH)
Batting: LHB Jerry López 0-0: Foul Ball, location: 2F
0-1: Swinging Strike
0-2: Ball
1-2: Foul Ball, location: 2RF
1-2: Ball
2-2: SINGLE (Flyball, 34D, EV 96.9 MPH)
Sean Davidson to second
Batting: RHB Dan Offen 0-0: DOUBLE (Flyball, 89XD, EV 98.1 MPH)
Sean Davidson scores
Jerry López to third
Batting: LHB Juan Lazu 0-0: Ball
1-0: Ground out 5-3 (Groundball, 56, EV 101.9 MPH)
Batting: RHB José Flores 0-0: Called Strike
0-1: Foul Ball, location: 2LF
0-2: Foul Ball, location: 7LDF
0-2: Ball
1-2: Strikes out swinging
Top of the 2nd over - 1 run, 2 hits, 0 errors, 2 left on base; Jacksonville 1 - Rochester 1
BOTTOM OF THE 2ND
Rochester Red Wings batting - Pitching for Jacksonville Jumbo Shrimp : RHP Ed King
Batting: LHB Cal Brown 0-0: Ball
1-0: Ball
2-0: Called Strike
2-1: Called Strike
2-2: Foul Ball, location: 2F
2-2: Strikes out swinging
Batting: SHB Juan Trevino 0-0: Called Strike
0-1: Ball
1-1: Foul Ball, location: 2F
1-2: Foul Ball, location: 2RF
1-2: SINGLE (Line Drive, 7LS, EV 91.3 MPH)
Batting: RHB Jake Johnson 0-0: Called Strike
0-1: Ball
1-1: Ball
2-1: Ball
3-1: Base on Balls
Juan Trevino to second
Batting: RHB Chih Chan 0-0: Called Strike
0-1: Ball
1-1: Ball
2-1: Foul Ball, location: 3FF
2-2: Fielders Choice at 2nd, 4-6 (Groundball, 34, EV 108.1 MPH)
Juan Trevino to third
Batting: RHB Amelio González 0-0: DOUBLE (Line Drive, 78D, EV 98.8 MPH)
Juan Trevino scores
Chih Chan to third
Runner from 3rd tries for Home, SAFE, throw by LF to trailing runner, OUT at third! 7-3-5
Bottom of the 2nd over - 2 runs, 2 hits, 0 errors, 0 left on base; Jacksonville 1 - Rochester 3
TOP OF THE 3RD
Jacksonville Jumbo Shrimp batting - Pitching for Rochester Red Wings : RHP Axel Maldini
Batting: SHB Steve Clark 0-0: Called Strike
0-1: SINGLE (Line Drive, 5D, EV 104.4 MPH)
Batting: RHB Butch Haig 0-0: Ball
1-0: Bunted foul
1-1: Sac Bunt to 13S - play at first, batter OUT! 1-3
Steve Clark to second
Batting: RHB Raúl Toro 0-0: Ball
1-0: Ground out 6-3 (Groundball, 6, EV 76.9 MPH)
Steve Clark to third
Batting: LHB Danny King 0-0: Ground out 6-3 (Groundball, 6, EV 86.9 MPH)
Top of the 3rd over - 0 runs, 1 hit, 0 errors, 1 left on base; Jacksonville 1 - Rochester 3
BOTTOM OF THE 3RD
Rochester Red Wings batting - Pitching for Jacksonville Jumbo Shrimp : RHP Ed King
Batting: LHB Dwayne Charles 0-0: Ball
1-0: Called Strike
1-1: Ball
2-1: Foul Ball, location: 2LF
2-2: Ground out 6-3 (Groundball, 6M, EV 100.0 MPH)
Batting: RHB Artie Miller 0-0: Ball
1-0: Called Strike
1-1: Foul Ball, location: 23FF
1-2: Ball
2-2: Foul Ball, location: 9LDF
2-2: Strikes out swinging
Batting: LHB Bobby Flowers 0-0: Called Strike
0-1: Swinging Strike
0-2: Ball
1-2: Foul Ball, location: 9LSF
1-2: Strikes out swinging
Bottom of the 3rd over - 0 runs, 0 hits, 0 errors, 0 left on base; Jacksonville 1 - Rochester 3
TOP OF THE 4TH
Jacksonville Jumbo Shrimp batting - Pitching for Rochester Red Wings : RHP Axel Maldini
Batting: RHB Sean Davidson 0-0: Called Strike
0-1: DOUBLE (Line Drive, 9LM, EV 110.0 MPH)
Batting: LHB Jerry López 0-0: Ball
1-0: Foul Ball, location: 7LSF
1-1: Ball
Wild Pitch!
Sean Davidson to third
2-1: Foul Ball, location: 9LSF
2-2: Strikes out looking
Batting: RHB Dan Offen 0-0: Swinging Strike
0-1: Ball
1-1: Ball
2-1: Called Strike
2-2: Strikes out swinging, 2-3 out at first.
Batting: LHB Juan Lazu 0-0: Ball
1-0: SINGLE (Line Drive, 89S, EV 105.6 MPH)
Sean Davidson scores
Batting: RHB José Flores 0-0: Ball
1-0: Fly out, F8 (Flyball, 8RS, EV 80.6 MPH)
Top of the 4th over - 1 run, 2 hits, 0 errors, 1 left on base; Jacksonville 2 - Rochester 3
BOTTOM OF THE 4TH
Rochester Red Wings batting - Pitching for Jacksonville Jumbo Shrimp : RHP Ed King
Batting: LHB Adrián Rocha 0-0: Called Strike
0-1: Foul Ball, location: 2F
0-2: Foul Ball, location: 2F
0-2: Ball
1-2: Strikes out swinging
Batting: LHB Cal Brown 0-0: Swinging Strike
0-1: Foul Ball, location: 5F
0-2: Strikes out looking
Batting: SHB Juan Trevino 0-0: SINGLE (Groundball, 6MD, EV 101.9 MPH)
Batting: RHB Jake Johnson 0-0: SINGLE (Line Drive, 56, EV 101.9 MPH)
Juan Trevino to second
Batting: RHB Chih Chan 0-0: Swinging Strike
0-1: Called Strike
0-2: Ground out U3 (Groundball, 3L, EV 103.1 MPH)
Bottom of the 4th over - 0 runs, 2 hits, 0 errors, 2 left on base; Jacksonville 2 - Rochester 3
TOP OF THE 5TH
Jacksonville Jumbo Shrimp batting - Pitching for Rochester Red Wings : RHP Axel Maldini
Batting: SHB Steve Clark 0-0: Ball
1-0: Called Strike
1-1: Foul Ball, location: 9LSF
1-2: Strikes out looking
Batting: RHB Butch Haig 0-0: Ball
1-0: Ball
2-0: Ball
3-0: Called Strike
3-1: Called Strike
3-2: Strikes out looking
Batting: RHB Raúl Toro 0-0: Swinging Strike
0-1: Called Strike
0-2: Strikes out swinging
Top of the 5th over - 0 runs, 0 hits, 0 errors, 0 left on base; Jacksonville 2 - Rochester 3
BOTTOM OF THE 5TH
Rochester Red Wings batting - Pitching for Jacksonville Jumbo Shrimp : RHP Ed King
Batting: RHB Amelio González 0-0: Ball
1-0: Ball
2-0: Ball
3-0: Called Strike
3-1: Base on Balls
Batting: LHB Dwayne Charles 0-0: Ball
1-0: Swinging Strike
1-1: Ball
2-1: Foul Ball, location: 2F
2-2: Hit by Pitch
Amelio González to second
Batting: RHB Artie Miller 0-0: Called Strike
0-1: Ball
1-1: SINGLE (Line Drive, 89M, EV 87.5 MPH)
Amelio González to third
Dwayne Charles to second
Batting: LHB Bobby Flowers 0-0: Ball
1-0: Ball
2-0: Ball
3-0: Base on Balls
Amelio González scores
Dwayne Charles to third
Artie Miller to second
Batting: LHB Adrián Rocha 0-0: Ball
1-0: Fly out, F8 (Flyball, 78XD, EV 91.3 MPH)
Runner from 3rd tags up, SCORES, no throw by CF
Batting: LHB Cal Brown 0-0: Fly out, F6 (Line Drive, 56, EV 67.5 MPH)
Batting: SHB Juan Trevino 0-0: Ball
1-0: Called Strike
1-1: Swinging Strike
1-2: Ball
2-2: Strikes out swinging
Bottom of the 5th over - 2 runs, 1 hit, 0 errors, 2 left on base; Jacksonville 2 - Rochester 5
TOP OF THE 6TH
Jacksonville Jumbo Shrimp batting - Pitching for Rochester Red Wings : RHP Axel Maldini
Batting: LHB Danny King 0-0: Ball
1-0: Ball
2-0: Fly out, F9 (Line Drive, 9S, EV 91.9 MPH)
Batting: RHB Sean Davidson 0-0: Ball
1-0: Called Strike
1-1: Ball
2-1: Swinging Strike
2-2: Foul Ball, location: 2F
2-2: Ground out U3 (Groundball, 34S, EV 90.0 MPH)
Batting: LHB Jerry López 0-0: Foul Ball, location: 5F
0-1: Ball
1-1: Ball
2-1: Foul Ball, location: 5SF
2-2: Foul Ball, location: 5SF
2-2: Foul Ball, location: 2F
2-2: SOLO HOME RUN (Line Drive, 9LD, EV 96.9 MPH), Distance : 357 ft
Batting: RHB Dan Offen 0-0: Called Strike
0-1: Hit by Pitch
Batting: LHB Juan Lazu 0-0: Foul Ball, location: 7LMFF
0-1: Ball
1-1: Ball
2-1: Foul Ball, location: 7LMF
2-2: Ground out 4-3 (Groundball, 4D, EV 85.6 MPH)
Top of the 6th over - 1 run, 1 hit, 0 errors, 1 left on base; Jacksonville 3 - Rochester 5
BOTTOM OF THE 6TH
Rochester Red Wings batting - Pitching for Jacksonville Jumbo Shrimp : RHP Ed King
Batting: RHB Jake Johnson 0-0: Foul Ball, location: 23F
0-1: Called Strike
0-2: Ground out 5-3 (Groundball, 5L, EV 89.4 MPH)
Batting: RHB Chih Chan 0-0: Called Strike
0-1: Called Strike
0-2: Strikes out swinging
Batting: RHB Amelio González 0-0: Foul Ball, location: 2F
0-1: Foul Ball, location: 2F
0-2: Strikes out looking
Bottom of the 6th over - 0 runs, 0 hits, 0 errors, 0 left on base; Jacksonville 3 - Rochester 5
TOP OF THE 7TH
Jacksonville Jumbo Shrimp batting - Pitching for Rochester Red Wings : RHP Axel Maldini
Batting: RHB José Flores 0-0: Ball
1-0: Called Strike
1-1: Foul Ball, location: 9LMF
1-2: Ball
2-2: Foul Ball, location: 2F
2-2: Strikes out swinging
Batting: SHB Steve Clark 0-0: Ball
1-0: Foul Ball, location: 2RF
1-1: Fly out, F8 (Line Drive, 8LD, EV 91.9 MPH)
Batting: RHB Butch Haig 0-0: Ball
1-0: Ball
2-0: SOLO HOME RUN (Flyball, 9LD, EV 94.4 MPH), Distance : 340 ft
Batting: RHB Raúl Toro 0-0: Called Strike
0-1: Ground out 5-3 (Groundball, 56, EV 103.1 MPH)
Top of the 7th over - 1 run, 1 hit, 0 errors, 0 left on base; Jacksonville 4 - Rochester 5
BOTTOM OF THE 7TH
Rochester Red Wings batting - Pitching for Jacksonville Jumbo Shrimp : RHP Ed King
Pitching: RHP Oscar Simons
Batting: LHB Dwayne Charles 0-0: Ball
1-0: Called Strike
1-1: Ball
2-1: Ball
3-1: Fly out, F4 (Popup, 4M, EV 73.1 MPH)
Batting: RHB Artie Miller 0-0: Ball
1-0: Ground out 4-3 (Groundball, 34D, EV 104.4 MPH)
Batting: LHB Bobby Flowers 0-0: Called Strike
0-1: Swinging Strike
0-2: Ball
1-2: Foul Ball, location: 23F
1-2: Ball
2-2: Foul Ball, location: 2F
2-2: Foul Ball, location: 2F
2-2: Ball
3-2: Base on Balls
Batting: LHB Adrián Rocha 0-0: Swinging Strike
0-1: Ball
1-1: Foul Ball, location: 25FF
1-2: Fly out, F6 (Popup, 6MS, EV 71.9 MPH)
Bottom of the 7th over - 0 runs, 0 hits, 0 errors, 1 left on base; Jacksonville 4 - Rochester 5
TOP OF THE 8TH
Jacksonville Jumbo Shrimp batting - Pitching for Rochester Red Wings : RHP Axel Maldini
Pitching: RHP Chip Fitzsymons
Batting: LHB Danny King 0-0: Called Strike
0-1: Ball
1-1: Called Strike
1-2: Ball
2-2: Strikes out swinging
Batting: RHB Sean Davidson 0-0: Ball
1-0: Called Strike
1-1: Ball
2-1: Foul Ball, location: 2F
2-2: Foul Ball, location: 9LSF
2-2: Foul Ball, location: 9LMF
2-2: Ball
3-2: Ground out 4-3 (Groundball, 34, EV 84.4 MPH)
Batting: LHB Jerry López 0-0: Foul Ball, location: 2F
0-1: Ball
1-1: Swinging Strike
1-2: Ball
2-2: Strikes out swinging
Top of the 8th over - 0 runs, 0 hits, 0 errors, 0 left on base; Jacksonville 4 - Rochester 5
BOTTOM OF THE 8TH
Rochester Red Wings batting - Pitching for Jacksonville Jumbo Shrimp : RHP Oscar Simons
Batting: LHB Cal Brown 0-0: Ball
1-0: Ball
2-0: SINGLE (Line Drive, 7LS, EV 93.8 MPH)
Batting: SHB Juan Trevino 0-0: Ball
1-0: Ball
2-0: Ball
3-0: Called Strike
3-1: Grounds into double play, 4-6-3 (Groundball, 4, EV 110.6 MPH)
Batting: RHB Jake Johnson 0-0: Fly out, F9 (Flyball, 89D, EV 109.4 MPH)
Bottom of the 8th over - 0 runs, 1 hit, 0 errors, 0 left on base; Jacksonville 4 - Rochester 5
TOP OF THE 9TH
Jacksonville Jumbo Shrimp batting - Pitching for Rochester Red Wings : RHP Chip Fitzsymons
Pitching: LHP Albert Correa
Now at 1B: Robinson Pérez
Now in LF: Joe Ward
Batting: RHB Dan Offen 0-0: Foul Ball, location: 2RF
0-1: Ball
1-1: Swinging Strike
1-2: Ball
2-2: Ground out 6-3 (Groundball, 6S, EV 72.5 MPH)
Pinch Hitting: SHB Jorge Mendoza 0-0: Ball
1-0: Ball
2-0: Ball
3-0: Foul Ball, location: 3F
3-1: Swinging Strike
3-2: Foul Ball, location: 9LMF
3-2: Base on Balls
Batting: RHB José Flores 0-0: Swinging Strike
0-1: Fly out, F9 (Flyball, 9S, EV 88.1 MPH)
Batting: SHB Steve Clark 0-0: Called Strike
0-1: Called Strike
0-2: Strikes out swinging
Top of the 9th over - 0 runs, 0 hits, 0 errors, 1 left on base; Jacksonville 4 - Rochester 5
Wednesday, May 1st , 2024 - OOTP Baseball 24.10 Build 82